 Dungeon Crawl Stone Soup version 0.24.0-37-gcf1ca852f1 (webtiles) character file.

Game seed: 10769530227409580236, levelgen mode: deterministic

17012 Meoo the Grappler (level 12, 0/109 HPs)
             Began as a Troll Fighter on Nov 24, 2019.
             Was the Champion of Makhleb.
             Slain by an eight-headed hydra (2 damage)
             ... on level 12 of the Dungeon.
             The game lasted 01:31:46 (11248 turns).

Meoo the Grappler (Troll Fighter)                  Turns: 11248, Time: 01:31:50

Health: 0/109      AC: 13    Str: 28 (30) XL:     12   Next: 15%
Magic:  11/11      EV: 10    Int:  3 (4)  God:    Makhleb [******]
Gold:   644        SH: 18    Dex:  7 (10) Spells: 11/11 levels left

rFire    . . .     SeeInvis .     - Unarmed
rCold    . . .     Gourm    +   A - +1 large shield
rNeg     + . .     Faith    +   C - +0 troll leather armour
rPois    .         Spirit   .   (helmet restricted)
rElec    .         Reflect  .   y - scarf {repulsion}
rCorr    .         Harm     .   (gloves unavailable)
MR       .....                  (boots unavailable)
Stlth    +.........             r - amulet of faith
HPRegen  1.08/turn              O - ring of positive energy
MPRegen  0.12/turn              b - +5 ring of protection

@: repel missiles
A: large, unfitting armour, claws 3, fast metabolism 3, gourmand, regeneration
1, shaggy fur 1, tough skin 3
a: Minor Destruction, Lesser Servant of Makhleb, Major Destruction, Greater
Servant of Makhleb, Renounce Religion


You were on level 12 of the Dungeon.
You worshipped Makhleb.
Makhleb was exalted by your worship.
You were completely stuffed.

You visited 1 branch of the dungeon, and saw 12 of its levels.

You collected 644 gold pieces.

Inventory:

Hand Weapons
 n - a +1 flail of protection
 s - a +4 quarterstaff of chaos
Missiles
 j - 52 poisoned darts (quivered)
 m - 4 throwing nets
Armour
 t - a +2 cloak
 x - a scarf of cloud immunity
 y - a scarf of repulsion (worn)
 A - a +1 large shield (worn)
 C - a +0 troll leather armour (worn)
 F - a +0 robe of positive energy
Jewellery
 b - a +5 ring of protection (right claw)
 g - the ring of Womoekil {+Inv MP+9 Int+2}
   (You found it on level 5 of the Dungeon)

   [ring of intelligence]

   It affects your intelligence (+2).
   It affects your magic capacity (+9).
   It lets you turn invisible.
 r - an amulet of faith (around neck)
 H - an uncursed ring of flight
 K - an uncursed ring of ice
 O - a ring of positive energy (left claw)
 Q - the amulet "Utwumm" {Gourm rPois}
   (You took it off an orc on level 11 of the Dungeon)

   [amulet of the gourmand]

   It allows you to eat raw meat even when not hungry.
   It protects you from poison.
 R - an uncursed ring of protection from cold {unknown}
Wands
 e - a wand of paralysis (3)
 q - a wand of random effects (19)
 D - a wand of flame (17)
 M - a wand of digging (3)
Scrolls
 a - 2 scrolls of amnesia
 f - 6 scrolls of identify
 i - 5 scrolls of magic mapping
 k - 3 scrolls of enchant weapon
 o - 7 scrolls of remove curse
 v - 4 scrolls of teleportation
 z - a scroll of fear
 G - 2 scrolls of enchant armour
 J - 2 scrolls of fog
Potions
 c - a potion of might
 h - 2 potions of mutation {unknown}
 l - a potion of invisibility {unknown}
 p - 3 potions of haste {unknown}
 u - 2 potions of heal wounds {unknown}
 w - 3 potions of flight {unknown}
 B - a potion of berserk rage {unknown}
 E - a potion of cancellation {unknown}
 I - a potion of curing
 L - 3 potions of degeneration
 N - a potion of resistance {unknown}
Comestibles
 d - 24 rations


   Skills:
 + Level 4.6 Fighting
 - Level 0.3 Throwing
 + Level 2.4 Armour
 + Level 7.6 Dodging
 + Level 8.8 Shields
 + Level 13.6 Unarmed Combat
 - Level 1.1 Evocations


You had 11 spell levels left.
You didn't know any spells.
Your spell library contained the following spells:

 Spells                   Type           Power        Failure   Level  Hunger
 Animate Skeleton         Necr           N/A          95%         1    ##.....
 Apportation              Tloc           #.....       95%         1    ##.....
 Beastly Appendage        Tmut           #.....       95%         1    ##.....
 Confusing Touch          Hex            #.....       95%         1    ##.....
 Infusion                 Chrm           #...         95%         1    ##.....
 Magic Dart               Conj           #...         95%         1    ##.....
 Summon Small Mammal      Summ           #...         95%         1    ##.....
 Searing Ray              Conj           #.....       98%         2    ###....
 Shroud of Golubria       Chrm/Tloc      #.....       98%         2    ###....
 Song of Slaying          Chrm           #.......     98%         2    ###....
 Sticks to Snakes         Tmut           #.......     98%         2    ###....
 Dazzling Spray           Conj/Hex       #.....       100%        3    ####...
 Regeneration             Chrm/Necr      #.........   100%        3    ####...
 Spectral Weapon          Hex/Chrm       #.......     100%        3    ####...
 Spider Form              Tmut/Pois      #.........   100%        3    ####...
 Force Lance              Conj/Tloc      #.......     100%        4    #####..
 Fulminant Prism          Conj/Hex       #.........   100%        4    #####..
 Ice Form                 Ice/Tmut       #.......     100%        4    #####..
 Iskenderun's Mystic Bla  Conj           #.......     100%        4    #####..
 Blade Hands              Tmut           #.........   100%        5    ######.


Dungeon Overview and Level Annotations

Branches:
Dungeon (12/15)            Temple (0/1) D:5            Lair (0/6) D:9
    Orc (0/2) D:11

Altars:
Ashenzari
Cheibriados
Makhleb
Ru
Trog
Uskayaw
Yredelemnul
Beogh

Shops:
D:7 (   D:10 (   D:11 [

Annotations:
D:10 1 exclusion


Innate Abilities, Weirdness & Mutations

You are too large for most types of armour.
You have claws for hands.
Your metabolism is lightning-fast.
You like to eat raw meat.
Your natural rate of healing is unusually fast.
You are covered in fur. (AC +1)
You have extremely tough skin. (AC +3)


Message History

The centaur shoots an arrow.
The bullfrog hits you.
* * * LOW HITPOINT WARNING * * *
Something bites you but does no damage. Something bites you.
* * * LOW HITPOINT WARNING * * *
You block something's attack. Something bites you.
* * * LOW HITPOINT WARNING * * *
Something bites you!
* * * LOW HITPOINT WARNING * * *
Something bites you.
* * * LOW HITPOINT WARNING * * *
Something bites you but does no damage. Something bites you.
* * * LOW HITPOINT WARNING * * *
It was a potion of degeneration.
There was something very wrong with that liquid.
You feel weakened.
You feel dopey.
You feel clumsy. The bullfrog barely misses you. You block something's attack.
Something bites you but does no damage. Something bites you.
* * * LOW HITPOINT WARNING * * *
Something bites you.
You die...

####........................
##.......................
##..(...................
#####.................c.$...
............................
............................
#.##...............(........
≈≈≈#.............F(.........
≈§§#............@...........
≈%≈#.......).........)......
####........................
○.○........[................
.....#.....<...............
..####....................
)..###...................
....###..................
....# ##.................


You could see a bullfrog and a centaur.

Vanquished Creatures
  Erolcha (D:9)
  Harold (D:8)
  A two-headed ogre (D:10)
  A centaur warrior (D:11)
  A cyclops (D:11)
  A centaur skeleton (D:11)
  The ghost of EmberCloud the Skirmisher, a novice DsBe of Trog (D:6)
  A komodo dragon (D:9)
  5 yaktaurs (D:11)
  An efreet (D:11)
  5 trolls
  Grum (D:8)
  A hornet (D:9)
  Grinder (D:4)
  Prince Ribbit (D:6)
  Sigmund (D:2)
  A spriggan (D:12)
  2 wyverns (D:11)
  3 vampire mosquitoes (D:11)
  13 yaks
  An acid dragon (D:11)
  2 ice beasts
  11 orc warriors
  3 sky beasts
  2 phantoms
  A necrophage (D:12)
  7 ogres
  A boggart (D:11)
  A wolf (D:8)
  7 centaurs
  2 big kobolds
  Blork the orc (D:6)
  7 bullfrogs
  8 scorpions
  3 wyvern skeletons
  5 killer bees (D:10)
  2 howler monkeys (D:10)
  4 wights (D:10)
  5 crimson imps
  A bullfrog zombie (D:11)
  2 quasits (D:7)
  2 hounds
  A gnoll shaman (D:8)
  A jelly (D:7)
  Crazy Yiuf (D:2)
  9 orc priests
  A bullfrog skeleton (D:11)
  5 iguanas
  6 worker ants
  Natasha (thrice) (D:2 D:3)
  12 orc wizards
  A hound zombie (D:9)
  2 hound skeletons
  A howler monkey zombie (D:5)
  6 gnolls
  18 adders
  4 shadow imps
  2 adder zombies
  4 worms
  3 dart slugs
  3 leopard geckos
  86 orcs
  3 giant cockroaches
  16 goblins
  4 hobgoblins
  12 jackals
  3 quokkas
  2 ball pythons
  3 bats
  3 frilled lizards
  19 kobolds
  2 leopard gecko zombies
  3 quokka skeletons (D:7)
  5 rats
  A fungus (D:2)
366 creatures vanquished.

Vanquished Creatures (collateral kills)
  A hornet (D:11)
1 creature vanquished.

Vanquished Creatures (others)
  A wolf (D:8)
  2 plants (D:9)
3 creatures vanquished.

Grand Total: 370 creatures vanquished

Notes
Turn   | Place    | Note
-------+----------+-------------------------------------------
     0 | D:1      | Meoo the Troll Fighter began the quest for the Orb.
     0 | D:1      | Reached XP level 1. HP: 22/22 MP: 0/0
   254 | D:1      | Reached XP level 2. HP: 29/29 MP: 1/1
   914 | D:2      | Noticed Natasha
   921 | D:2      | Killed Natasha
   921 | D:2      | Reached XP level 3. HP: 22/37 MP: 2/2
   955 | D:2      | Found a burning altar of Makhleb.
   966 | D:2      | Became a worshipper of Makhleb the Destroyer
  1024 | D:2      | Noticed Sigmund
  1143 | D:2      | Noticed Natasha
  1157 | D:2      | Killed Natasha
  1157 | D:2      | Reached XP level 4. HP: 40/45 MP: 3/3
  1163 | D:2      | Reached skill level 3 in Unarmed Combat
  1192 | D:2      | Noticed a centaur
  1209 | D:2      | Noticed Natasha
  1215 | D:3      | HP: 2/45 [Natasha (2)]
  1217 | D:3      | Killed Natasha
  1787 | D:2      | Killed Sigmund
  1787 | D:2      | Reached skill level 4 in Unarmed Combat
  1787 | D:2      | Reached XP level 5. HP: 34/53 MP: 4/4
  1787 | D:2      | Reached XP level 6. HP: 40/61 MP: 5/5
  2057 | D:2      | Found a runed translucent door.
  2058 | D:2      | Noticed Crazy Yiuf
  2078 | D:2      | Killed Crazy Yiuf
  2416 | D:2      | Reached skill level 5 in Unarmed Combat
  2833 | D:3      | Reached * piety under Makhleb
  3499 | D:4      | Found a snail-covered altar of Cheibriados.
  3597 | D:4      | Reached XP level 7. HP: 52/67 MP: 6/6
  3724 | D:4      | Reached skill level 6 in Unarmed Combat
  4140 | D:4      | Found a shattered altar of Ashenzari.
  4215 | D:4      | Noticed Grinder
  4220 | D:4      | Killed Grinder
  4394 | D:5      | Entered Level 5 of the Dungeon
  4445 | D:5      | Got a heavily runed wooden ring
  4459 | D:5      | Found a staircase to the Ecumenical Temple.
  4662 | D:5      | Reached skill level 7 in Unarmed Combat
  4662 | D:5      | Reached XP level 8. HP: 66/76 MP: 7/7
  4730 | D:5      | Reached ** piety under Makhleb
  5517 | D:6      | Reached skill level 5 in Dodging
  5529 | D:6      | Reached skill level 8 in Unarmed Combat
  5622 | D:6      | Found a runed translucent door.
  5624 | D:6      | Noticed EmberCloud's ghost (novice DsBe)
  5715 | D:6      | Noticed Prince Ribbit
  5737 | D:6      | Killed Prince Ribbit
  5904 | D:6      | Found a hide-covered altar of Uskayaw.
  5912 | D:6      | Reached skill level 9 in Unarmed Combat
  5920 | D:6      | Reached XP level 9. HP: 77/84 MP: 8/8
  6137 | D:6      | Noticed Blork the orc
  6145 | D:6      | Killed Blork the orc
  6231 | D:6      | Reached *** piety under Makhleb
  6239 | D:6      | Killed EmberCloud's ghost
  6297 | D:7      | Identified the ring of Womoekil {+Inv MP+9 Int+2} (You
                  | found it on level 5 of the Dungeon)
  6386 | D:7      | Found Delyvvadgh's Antique Weapon Shop.
  6477 | D:7      | You fall into a shaft and drop 3 floors!
  6477 | D:10     | Entered Level 10 of the Dungeon
  6486 | D:10     | Noticed a two-headed ogre
  6495 | D:10     | Killed a two-headed ogre
  6495 | D:10     | Reached skill level 5 in Shields
  6495 | D:10     | Reached skill level 10 in Unarmed Combat
  6714 | D:8      | Reached **** piety under Makhleb
  6716 | D:8      | Found a sacrificial altar of Ru.
  6718 | D:8      | Found a basalt altar of Yredelemnul.
  6720 | D:8      | Found a bloodstained altar of Trog.
  7086 | D:7      | Reached XP level 10. HP: 53/93 MP: 9/9
  7874 | D:8      | Noticed Harold
  7883 | D:8      | Reached skill level 11 in Unarmed Combat
  7892 | D:8      | Noticed Grum
  8049 | D:8      | Killed Grum
  8198 | D:8      | Killed Harold
  8273 | D:8      | Found a roughly hewn altar of Beogh.
  8278 | D:8      | Reached skill level 1 in Evocations
  8295 | D:8      | Reached ***** piety under Makhleb
  8737 | D:9      | Paralysed by a hornet for 3 turns
  9007 | D:9      | Reached XP level 11. HP: 101/101 MP: 10/10
  9093 | D:9      | Found a staircase to the Lair.
  9119 | D:9      | Reached skill level 12 in Unarmed Combat
  9145 | D:9      | Noticed Erolcha
  9167 | D:9      | Killed Erolcha
  9475 | D:10     | Reached skill level 1 in Armour
  9927 | D:10     | Found Vahij's Antique Weapon Shoppe.
 10017 | D:11     | Reached ****** piety under Makhleb
 10084 | D:11     | Found the +5 demon whip "Spellbinder" {antimagic, MR+}
 10134 | D:11     | Noticed a five-headed hydra
 10165 | D:11     | Noticed a centaur warrior
 10181 | D:11     | Reached skill level 13 in Unarmed Combat
 10189 | D:11     | Killed a centaur warrior
 10462 | D:11     | Found Louxke Rial's Armour Emporium.
 10462 | D:11     | Found a staircase to the Orcish Mines.
 10509 | D:11     | Reached XP level 12. HP: 109/109 MP: 11/11
 10737 | D:11     | Identified the amulet "Utwumm" {Gourm rPois}
 11237 | D:12     | Noticed a six-headed hydra
 11247 | D:12     | HP: 5/109 [something (1)]
 11248 | D:12     | HP: 2/109 [something (3)]
 11248 | D:12     | Slain by an eight-headed hydra

Levels and vault maps discovered:
D:1:      ncdulo_wetmaze, layout_basic
D:2:      minmay_angry_zag, layout_rooms, bloody_makhleb, uniq_sigmund,
          uniq_natasha, uniq_crazy_yiuf_cottage
D:3:      layout_basic, first_ration
D:4:      layout_loops_ring, evilmike_ruin_ashenzari, lemuel_doored_altar,
          minmay_goblin_outpost, uniq_grinder
D:5:      layout_basic, minmay_temple_entry_sparse_star, portal_sewer_entry_d
D:6:      layout_loops_ring, eat_drink_and_be_merry_uskayaw,
          ebering_ghost_inner_flame, uniq_blork_the_orc, uniq_prince_ribbit1
D:7:      layout_loops_ring, serial_shops, nicolae_shop_window_shopping
D:8:      layout_basic, grunt_temple_overflow_diamond, special_room
          [special_room_orc], uniq_harold, uniq_grum
D:9:      layout_cross, david_lair_shrubbed, uniq_erolcha
D:10:     layout_long_grid, serial_shops, nicolae_shop_waterfront, minmay_bent
D:11:     minmay_cut_squares, layout_basic, orc_david_3
D:12:     layout_layer_cave, hangedman_stone_soup

Skill      XL: |  1  2  3  4  5  6  7  8  9 10 11 |
---------------+----------------------------------+-----
Fighting       | 3 4 |  4.6
Dodging        | 3 4 5 6 7 |  7.6
Unarmed Combat | 4 5 7 9 10 11 13 | 13.6
Shields        | 3 4 5 7 8 |  8.8
Evocations     | 1 |  1.1
Armour         | 2 |  2.4
Throwing       | |  0.3

Action                   |  1- 3 |  4- 6 |  7- 9 | 10-12 || total
-------------------------+-------+-------+-------+-------++-------
Melee: Unarmed           |    48 |   119 |   407 |   589 ||  1163
       Short sword       |     3 |       |       |       ||     3
       Punch             |       |     3 |       |       ||     3
Throw: Dart              |     2 |     5 |     2 |    13 ||    22
Evoke: Wand              |       |       |       |    23 ||    23
  Use: Scroll            |       |       |     4 |    10 ||    14
       Potion            |       |       |     2 |     1 ||     3
 Stab: Sleeping          |     1 |       |       |       ||     1
       Invisible         |       |     1 |       |       ||     1
  Eat: Chunk             |    15 |    20 |    36 |    39 ||   110
Armor: Robe              |     8 |    32 |    72 |    32 ||   144
       Troll leather arm |       |       |       |    55 ||    55
Dodge: Dodged            |    22 |    51 |    91 |   129 ||   293
       Deflected         |       |       |     1 |    13 ||    14
Block: Shield            |     6 |    17 |    78 |       ||   101
       Large shield      |       |       |    87 |   566 ||   653
